 Dungeon Crawl Stone Soup version 0.27.1 (webtiles) character file.

Game seed: 17965959045371001888

0 zedzed the Sneak (level 1, 0/9 HPs)
             Began as a Spriggan Enchanter on Aug 27, 2021.
             Slain by a quokka (5 damage)
             ... on level 1 of the Dungeon.
             The game lasted 00:02:45 (54 turns).

zedzed the Sneak (Spriggan Enchanter)                 Turns: 54, Time: 00:02:46

Health: 0/9        AC:  2    Str:  4    XL:     1   Next: 8%
Magic:  5/5        EV: 17    Int: 16    God:
Gold:   0          SH:  0    Dex: 15    Spells: 4/5 levels left

rFire    . . .     SeeInvis +   a - +1 dagger
rCold    . . .     Faith    .   (shield restricted)
rNeg     . . .     Spirit   .   b - +0 robe
rPois    .         Reflect  .   (helmet restricted)
rElec    .         Harm     .   (no cloak)
rCorr    .         Rampage  .   (gloves unavailable)
Will     .....                  (boots unavailable)
Stlth    +++.......             (no amulet)
HPRegen  0.03/turn              (no ring)
MPRegen  0.09/turn              (no ring)

@: very quick
A: very small, no large weapons, unfitting armour, see invisible, speed 3
a: no special abilities


You were on level 1 of the Dungeon.
You visited 1 branch of the dungeon, and saw 1 of its levels.

Inventory:

Hand Weapons
 a - a +1 dagger (weapon)
Armour
 b - a +0 robe (worn)


   Skills:
 + Level 1.1 Short Blades
 - Level 2.6 Dodging
 + Level 4.4 Stealth
 * Level 2.7 Spellcasting
 + Level 3.6 Hexes


You had 4 spell levels left.
You knew the following spells:

 Your Spells              Type           Power      Damage    Failure   Level
a - Corona                Hex            14%        N/A       4%          1

Your spell library contained the following spells:

 Spells                   Type           Power      Damage    Failure   Level
 Confusing Touch          Hex            13%        N/A       13%         3
 Tukima's Dance           Hex            13%        N/A       13%         3
 Ensorcelled Hibernation  Hex/Ice        16%        N/A       14%         2
 Dazzling Flash           Conj/Hex       16%        N/A       26%         3


Dungeon Overview and Level Annotations

Branches:
Dungeon (1/15)

Altars:


Innate Abilities, Weirdness & Mutations

You are very small and have problems with some larger weapons.
You are too small for most types of armour.
You have supernaturally acute eyesight. (SInv)
You cover ground extremely quickly. (Speed+++)


Message History

You add the spells Corona, Ensorcelled Hibernation, Confusing Touch, Tukima's Dance and Dazzling Flash to your library.
Welcome, zedzed the Spriggan Enchanter.
The bosom of this dungeon contains the legendary artefact, the Orb of Zot.
Press ? for a list of commands and other information.
Found a staircase leading out of the dungeon.
Found a stone staircase leading down.
A rat comes into view.
You closely miss the rat. The rat completely misses you.
You closely miss the rat. The rat barely misses you.
You hit the rat.
The rat is heavily wounded.
The rat misses you.
You barely miss the rat.
The rat is heavily wounded.
The rat misses you.
You hit the rat.
You kill the rat!
You see here a rat corpse.
Unknown command.
Found a falchion.
Found a short sword.
A kobold comes into view.
It is wielding a +0 dagger of protection.
A quokka comes into view.
The kobold shouts!
You hear a shout!
The kobold throws a stone.
The stone misses you.
The kobold throws a stone.
The stone hits you.
You hit the quokka but do no damage. The quokka bites you.
You barely miss the quokka. The quokka completely misses you.
You miss the quokka. The quokka closely misses you.
You hit the quokka.
The quokka is lightly wounded.
The quokka barely misses you.
You completely miss the quokka.
The quokka is lightly wounded.
The quokka bites you. The quokka closely misses you.
You closely miss the quokka.
The quokka is lightly wounded.
The quokka bites you.
Ouch! That really hurt!
You die...

..# ..# ##.# #..# #..#
###..## ##.....#
#####..#....# ######
#.@rK.###......
......##.########......
)........)...... ...###
......#.#############
.........# ####...####
......#..####.........###
##....#..†.......<.......
#....>.#####.........###
#....### ####...####


You could see a quokka and a kobold.

Vanquished Creatures
  A rat (D:1)
1 creature vanquished.

Notes
Turn   | Place    | Note
-------+----------+-------------------------------------------
     0 | D:1      | zedzed the Spriggan Enchanter began the quest for the Orb.
     0 | D:1      | Reached XP level 1. HP: 9/9 MP: 5/5
    54 | D:1      | Slain by a quokka

Illustrated notes

Levels and vault maps discovered:
D:1:      dpeg_arrival_rhombus, layout_rooms, ebering_ecumenical_altar_webs,
          chequers_serial_rivers_large_a, minmay_domino_2

Action                   || total
-------------------------++-------
Melee: Dagger            ||    11
Dodge: Dodged            ||     9
